 Dungeon Crawl Stone Soup version 0.30.1-11-g7821555f0a (webtiles) character file.

Game seed: 4225113656112025515

123 lonewolfV2 the Shield-Bearer (level 4, -1/39 HPs)
             Began as a Minotaur Fighter on Oct 31, 2023.
             Slain by a phantom (5 damage)
             ... on level 4 of the Dungeon.
             The game lasted 00:05:03 (2619 turns).

lonewolfV2 the Shield-Bearer (Minotaur Fighter)     Turns: 2619, Time: 00:05:04

Health: -1/39      AC:  7    Str: 22    XL:     4   Next: 79%
Magic:  3/3        EV: 10    Int:  9    God:
Gold:   134        SH:  5    Dex: 12    Spells: 3/3 levels left

rFire   x . .        a - +1 war axe
rCold   . . .        c - +0 buckler
rNeg    . . .        b - +0 scale mail
rPois   .            (helmet restricted)
rElec   .            (no cloak)
rCorr   .            (no gloves)
SInv    .            (no boots)
Will    .....        (no amulet) Stlth
                     k - +6 ring of dexterity
HPRegen 0.26/turn    (no ring)
MPRegen 0.08/turn

%: clarity
@: no status effects
A: horns 2, retaliatory headbutt, clarity, clever 1, clumsy 1, heat
vulnerability 1, MP-powered wands
a: no special abilities


You were on level 4 of the Dungeon.
You visited 1 branch of the dungeon, and saw 4 of its levels.

You collected 134 gold pieces.

Inventory:

Hand Weapons
 a - a +1 war axe (weapon)
Armour
 b - a +0 scale mail (worn)
 c - a +0 buckler (worn)
Jewellery
 j - an amulet of regeneration
 k - a +6 ring of dexterity (left hand)
Scrolls
 e - 4 scrolls of blinking
 h - a scroll of fog
 m - 2 scrolls of amnesia
 n - a scroll of enchant weapon
Potions
 d - 2 potions of might
 f - 3 potions of curing
 g - a potion of magic {unknown}
 i - a potion of lignification
 l - a potion of resistance {unknown}


   Skills:
 - Level 3.6 Fighting
 - Level 2.4 Axes
 + Level 4.5 Armour
 * Level 3.4 Dodging
 + Level 4.5 Shields


You had 3 spell levels left.
You didn't know any spells.
Your spell library was empty.

Dungeon Overview and Level Annotations

Branches:
Dungeon (4/15)             Temple (0/1) D:4

Altars:
Ashenzari
Trog

Shops:
D:2 *   D:3 ?


Innate Abilities, Weirdness & Mutations

You have a pair of horns on your head.
You reflexively headbutt those who attack you in melee.
You possess an exceptional clarity of mind.
Your mind is acute. (Int +4, Str/Dex -1)
You are clumsy. (Dex -2)
You are vulnerable to heat. (rF-)
You expend magic power (3 MP) to strengthen your wands.


Message History

The gnoll shouts!
A gnoll comes into view. It is wielding a +0 club.
The gnoll closely misses you. You furiously retaliate!
You headbutt the gnoll, but do no damage.
The phantom hits you but does no damage.
You closely miss the ball python. You closely miss the gnoll.
You closely miss the phantom.
The gnoll shouts!
You block the ball python's attack. The ball python closely misses you.
The gnoll hits you but does no damage.
The phantom hits you but does no damage.
The ball python bites you but does no damage.
The ball python grabs you. The ball python constricts you.
You escape the ball python's grasp.
The gnoll hits you with a +0 flail.
The ball python bites you but does no damage.
You block the ball python's attack.
The ball python attacks as you move away!
You block the ball python's attack. The phantom attacks as you move away!
The phantom hits you. The hobgoblin hits you.
The gnoll hits you from afar with a +0 halberd!
* * * LOW HITPOINT WARNING * * *
The gnoll hits you with a +0 flail.
* * * LOW HITPOINT WARNING * * *
The gnoll hits you but does no damage. The gnoll attacks as you move away!
The gnoll misses you. The gnoll closely misses you.
The gnoll barely misses you. You furiously retaliate!
You headbutt the gnoll! The hobgoblin hits you.
* * * LOW HITPOINT WARNING * * *
The phantom barely misses you. The gnoll hits you but does no damage.
The hobgoblin closely misses you.
You hit the gnoll.
The gnoll is lightly wounded.
You hit the endoplasm. You barely miss the hobgoblin. You hit the gnoll.
You kill the gnoll!
The hobgoblin hits you but does no damage.
The endoplasm barely misses you. The gnoll barely misses you.
The gnoll bouda barks out a call to the hunt!
The gnolls pick up the pace!
The phantom hits you.
You die...

....#..).!....#.#
#................#
...#..⌠.(.⌠..#..#
...#.........#..
........>......) .
#...#.........#..#
.######..)#..⌠...⌠..#..#
#.......#......gJ......#
..<....$..#...Sg@..$#..
..........##.##W##.##..
##......##.....gg..#
##.###.##.....g.... ..#
.............# #.##
..#..........# ..
#######.^....# #.#
###.#..#


You could see a phantom, a gnoll bouda, 2 gnolls, an endoplasm, a hobgoblin and
a ball python.

Vanquished Creatures
  5 gnolls
  4 adders
  5 ball pythons
  9 endoplasms
  A giant cockroach (D:2)
  A goblin (D:2)
  2 hobgoblins (D:2)
  7 kobolds
  6 bats
  5 frilled lizards
  9 rats
54 creatures vanquished.

Notes
Turn   | Place    | Note
-------+----------+-------------------------------------------
     0 | D:1      | lonewolfV2 the Minotaur Fighter began the quest for the
                  | Orb.
     0 | D:1      | Reached XP level 1. HP: 19/19 MP: 0/0
   208 | D:1      | Reached skill level 1 in Dodging
   222 | D:1      | Reached XP level 2. HP: 26/26 MP: 1/1
   945 | D:2      | Found Rigaom's General Store.
  1050 | D:2      | Reached XP level 3. HP: 29/31 MP: 2/2
  1732 | D:2      | Gained mutation: You are frail. (-10% HP) [potion of
                  | mutation]
  1732 | D:2      | Gained mutation: You are partially covered in iridescent
                  | scales. (AC +2) [potion of mutation]
  1732 | D:2      | Gained mutation: You are vulnerable to heat. (rF-) [potion
                  | of mutation]
  1732 | D:2      | Gained mutation: You have hidden genetic potential. [potion
                  | of mutation]
  1733 | D:2      | Lost mutation: You have hidden genetic potential. [potion
                  | of mutation]
  1733 | D:2      | Lost mutation: You are frail. (-10% HP) [potion of
                  | mutation]
  1733 | D:2      | Lost mutation: You are partially covered in iridescent
                  | scales. (AC +2) [potion of mutation]
  1733 | D:2      | Gained mutation: You are clumsy. (Dex -2) [potion of
                  | mutation]
  1733 | D:2      | Gained mutation: You expend magic power (3 MP) to
                  | strengthen your wands. [potion of mutation]
  1733 | D:2      | Gained mutation: Your mind is acute. (Int +4, Str/Dex -1)
                  | [potion of mutation]
  1733 | D:2      | Gained mutation: You possess an exceptional clarity of
                  | mind. [potion of mutation]
  1824 | D:3      | Reached XP level 4. HP: 31/39 MP: 3/3
  2049 | D:3      | Found a broken altar of Ashenzari.
  2202 | D:3      | Found a bloodstained altar of Trog.
  2298 | D:3      | Found Supteor's Magic Scroll Shop.
  2603 | D:4      | Noticed a phantom
  2608 | D:4      | Found a staircase to the Ecumenical Temple.
  2619 | D:4      | Slain by a phantom

Illustrated notes

Levels and vault maps discovered:
D:1:      psy_arrival_statuary, layout_basic
D:2:      kb_forest_paths, layout_loops_ring, serial_shops, shop_statue,
          guppyfry_early_lair_pool
D:3:      layout_loops_corners, mainiacjoe_overflow_paths,
          mainiacjoe_overflow_chevrons, serial_shops, nicolae_square_shop,
          serial_rivers, chequers_serial_rivers_micro_a,
          chequers_serial_rivers_small_b, chequers_serial_rivers_micro_b,
          chequers_serial_rivers_micro_b, chequers_serial_rivers_small_a
D:4:      layout_rooms, vehumet_altar_wand_db, led_sif_book,
          grunt_temple_overflow_open, minmay_temple_entry_large_hall,
          kennysheep_generic_room_14

Skill      XL: |  1  2  3  4 |
---------------+-------------+-----
Dodging        | 1 2 3 |  3.4
Armour         | 4 |  4.5
Shields        | 4 |  4.5
Fighting       | |  3.6
Axes           | |  2.4

Action                     |  1- 3 |  4- 6 || total
---------------------------+-------+-------++-------
  Melee: War axe           |    75 |    28 ||   103
         Headbutt          |    11 |     2 ||    13
    Use: Scroll            |     9 |       ||     9
         Potion            |     2 |       ||     2
 Armour: Scale mail        |    29 |    25 ||    54
  Dodge: Dodged            |    46 |    29 ||    75
  Block: Buckler           |    20 |    19 ||    39
